 Dungeon Crawl Stone Soup version 0.29-a0-234-g0dae59b3db (webtiles) character file.

Game seed: 7453610987381951567

11361 ReploidZero the Grappler (level 11, -13/100 (107) HPs)
             Began as a Troll Gladiator on Mar 3, 2022.
             Was a Believer of Ru.
             Mangled by an efreet
             ... wielding a +1 scimitar of flaming
              (25 damage)
             ... on level 9 of the Dungeon.
             The game lasted 00:28:04 (7571 turns).

ReploidZero the Grappler (Troll Gladiator)          Turns: 7571, Time: 00:28:05

HP:   -13/100 (107) AC:  1    Str: 26    XL:     11   Next: 48%
MP:   10/10         EV:  9    Int:  4    God:    Ru [**....]
Gold: 281           SH: 13    Dex: 13    Spells: 10/10 levels left

rFire   + . .      SeeInvis .     - Unarmed
rCold   + . .      Faith    .   A - +0 tower shield
rNeg    . . .      Spirit   .   a - +0 robe
rPois   +          Reflect  .   b - +1 hat
rElec   +          Harm     .   (no cloak)
rCorr   +          Rampage  .   (gloves unavailable)
Will    .....                   (boots unavailable)
Stlth   +.........              j - amulet of regeneration
HPRegen 1.86/turn               (no ring)
MPRegen 0.12/turn               (no ring)

@: resistant, corroded, drained
A: large, unfitting armour, claws 3, regeneration 1, shaggy fur 1, tough skin 1,
inability to train armour, unskilled 1
a: Renounce Religion


You were on level 9 of the Dungeon.
You worshipped Ru.
Ru was pleased with you.
You visited 1 branch of the dungeon, and saw 9 of its levels.
You also visited: Sewer.

You collected 479 gold pieces.
You spent 198 gold pieces at shops.

Inventory:

Missiles
 c - 2 throwing nets
 i - 10 javelins
 s - 9 boomerangs
 v - 38 poisoned darts
 y - a curare-tipped dart (quivered)
 F - a boomerang of dispersal
Armour
 a - a +0 robe (worn)
 b - a +1 hat (worn)
 d - an orb of wrath
 A - a +0 tower shield (worn)
Jewellery
 e - an amulet of magic regeneration
 f - an amulet of guardian spirit
 j - an amulet of regeneration (around neck)
Wands
 C - a wand of iceblast (7)
 H - a wand of flame (9)
Scrolls
 r - a scroll of noise {unknown}
 w - 4 scrolls of identify
 z - a scroll of enchant weapon
 B - 2 scrolls of vulnerability {unknown}
 G - a scroll of fog {unknown}
Potions
 g - a potion of cancellation
 h - 2 potions of attraction
 k - a potion of ambrosia
 l - a potion of resistance
 n - a potion of flight {unknown}
 o - 2 potions of mutation {unknown}
 p - 5 potions of curing
 q - a potion of invisibility {unknown}
 t - 2 potions of degeneration {unknown}
 u - 2 potions of brilliance {unknown}
 x - a potion of haste {unknown}
 D - a potion of berserk rage {unknown}
 E - a potion of magic {unknown}


   Skills:
 + Level 6.8 Fighting
 + Level 7.4 Throwing
 + Level 7.0 Dodging
 + Level 4.8 Shields
 + Level 8.4 Unarmed Combat


You had 10 spell levels left.
You didn't know any spells.
Your spell library contained the following spells:

 Spells                   Type           Power      Damage    Failure   Level
 Magic Dart               Conj           0%         1d3       98%         1
 Call Imp                 Summ           0%         N/A       99%         2
 Gell's Gravitas          Tloc           0%         N/A       100%        3
 Mephitic Cloud           Conj/Pois/Air  0%         N/A       100%        3
 Teleport Other           Tloc           0%         N/A       100%        3
 Dispersal                Tloc           0%         N/A       100%        6


Dungeon Overview and Level Annotations

Branches:
Dungeon (9/15)             Temple (0/1) D:6            Lair (0/6) D:8
  Sewer (visited)
    Orc: D:9-12

Altars:
Ashenzari
Cheibriados
Okawaru
Ru

Shops:
D:4 !


Innate Abilities, Weirdness & Mutations

You are too large for most types of armour.
You have claws for hands.
Your natural rate of healing is unusually fast.
You are covered in fur. (AC +1)
You have tough skin. (AC +1)
You cannot train Armour skill.
You are somewhat unskilled. (-1 Apt)


Message History

Your Dodging skill increases to level 7!
The efreet begins to attack, but is stunned by your conviction!
Things that are here:
a +0 giant club; a +0 giant club; a two-headed ogre corpse An orc priest comes into view.
It is wielding a +0 falchion.
The orc priest shouts!
The efreet hits you with a +1 scimitar of flaming!
The efreet burns you.
You focus your inner power and illuminate the efreet in retribution!
You see here a curare-tipped dart.
Unknown command.
You scratch the efreet.
The efreet is lightly wounded.
The efreet hits you with a +1 scimitar of flaming!
The efreet burns you.
The efreet hits you with a +1 scimitar of flaming!
The efreet burns you.
You focus your inner power and illuminate the efreet in retribution!
y - a curare-tipped dart The efreet zaps a wand.
The bolt of acid hits you!! The acid corrodes you!
Okay, then.
Okay, then.
Okay, then.
The orc priest invokes the aid of Beogh against you.
Beogh smites you!
* * * LOW HITPOINT WARNING * * *
Things that are here:
a +0 giant club; a +0 giant club; a two-headed ogre corpse You feel better.
You feel protected.
The efreet zaps a wand.
The bolt of acid hits you! You resist.
* * * LOW HITPOINT WARNING * * *
You redirect the orc priest's attack!
The efreet zaps a wand.
The bolt of acid hits you!! You resist.
* * * LOW HITPOINT WARNING * * *
You see here a water moccasin skeleton.
Unknown command.
You feel better.
The efreet hits you with a +1 scimitar of flaming!!
You die...

##..... #...... #......
#########......
#......##......
#######..............
.....................
..###########.....)#.#.....
......)o○R@.......))[##....
........#####..<)[.#[)###..
.######.# #.[....#......)
... #......#....... .....
########....... #......
#...).## ......## #.....##
.......# #..#..#. .........
.......#.


You could see an efreet (corona) and an orc priest.

Vanquished Creatures
  A two-headed ogre (D:9)
  6 death yaks (D:8)
  2 rust devils (D:8)
  A gargoyle (D:7)
  Maggie (D:5)
  A hornet (D:7)
  Sigmund (D:2)
  A vampire (D:9)
  5 yaks (D:8)
  A wyvern (D:9)
  A steam dragon (D:4)
  Eustachio (D:6)
  Menkaure (D:6)
  2 water moccasins
  2 ice beasts (D:6)
  7 orc warriors
  4 centaurs
  2 ogres (D:5)
  7 kobold brigands
  2 bullfrogs
  2 scorpions
  3 necrophages
  17 wights
  7 killer bees
  A howler monkey (D:6)
  3 jellies
  4 orc priests
  2 hounds
  3 gnoll shamans
  8 iguanas
  2 orc wizards
  A mummy (D:5)
  18 gnolls
  7 adders
  A shadow imp (D:6)
  4 ufetubi
  2 worms
  A dart slug (D:2)
  13 orcs
  7 ball pythons
  4 bats
  8 endoplasms
  2 giant cockroaches
  4 goblins
  7 hobgoblins
  2 jackals (D:4)
  34 kobolds
  3 quokkas (D:4)
  4 frilled lizards
  3 kobold zombies (D:5)
  An orc zombie (D:5)
  9 rats
236 creatures vanquished.

Vanquished Creatures (others)
  A gnoll (D:9)
1 creature vanquished.

Grand Total: 237 creatures vanquished

Notes
Turn   | Place    | Note
-------+----------+-------------------------------------------
     0 | D:1      | ReploidZero the Troll Gladiator began the quest for the
                  | Orb.
     0 | D:1      | Reached XP level 1. HP: 19/19 MP: 0/0
   136 | D:1      | Reached XP level 2. HP: 28/28 MP: 1/1
   186 | D:1      | Found a faded altar of an unknown god.
   821 | D:2      | Reached XP level 3. HP: 32/35 MP: 2/2
   909 | D:2      | Noticed Sigmund
   928 | D:2      | Reached XP level 4. HP: 30/42 MP: 3/3
   935 | D:2      | Killed Sigmund
   936 | D:2      | Reached skill level 4 in Unarmed Combat
   936 | D:2      | Reached XP level 5. HP: 38/52 MP: 4/4
  1533 | D:3      | Reached XP level 6. HP: 59/59 MP: 5/5
  1666 | D:3      | Found a sacrificial altar of Ru.
  1679 | D:3      | Became a worshipper of Ru the Awakened
  2023 | D:4      | Found an iron altar of Okawaru.
  2063 | D:4      | Found a glowing drain.
  2072 | Sewer    | Entered a sewer
  2371 | Sewer    | Reached XP level 7. HP: 67/67 MP: 6/6
  2476 | D:4      | Reached skill level 5 in Unarmed Combat
  2485 | D:4      | Noticed a steam dragon
  2492 | D:4      | Killed a steam dragon
  2544 | D:4      | Found Weus's Distillery.
  2571 | D:4      | Bought a potion of ambrosia for 88 gold pieces
  2571 | D:4      | Bought a potion of might for 44 gold pieces
  2571 | D:4      | Bought 2 potions of curing for 66 gold pieces
  2755 | D:5      | Entered Level 5 of the Dungeon
  2881 | D:5      | Reached XP level 8. HP: 78/78 MP: 7/7
  2882 | D:5      | Gained mutation: You cannot train Armour skill. [Ru
                  | sacrifice]
  2882 | D:5      | Reached * piety under Ru
  3208 | D:5      | Found a broken altar of Ashenzari.
  3347 | D:6      | Noticed Maggie
  3347 | D:6      | Found a staircase to the Ecumenical Temple.
  3357 | D:5      | Killed Maggie
  3358 | D:5      | Reached skill level 5 in Throwing
  3358 | D:5      | Reached skill level 5 in Dodging
  3358 | D:5      | Reached skill level 6 in Unarmed Combat
  3544 | D:6      | Reached skill level 5 in Fighting
  3586 | D:6      | Found a snail-covered altar of Cheibriados.
  3721 | D:6      | Noticed Eustachio
  3724 | D:6      | Noticed Menkaure
  3737 | D:6      | Reached XP level 9. HP: 86/88 MP: 8/8
  3743 | D:6      | Killed Menkaure
  3744 | D:6      | Reached skill level 1 in Shields
  3756 | D:6      | Killed Eustachio
  4136 | D:7      | Noticed a gargoyle
  4161 | D:7      | Killed a gargoyle
  4162 | D:7      | Reached skill level 7 in Unarmed Combat
  5275 | D:7      | Gained mutation: You are somewhat unskilled. (-1 Apt) [Ru
                  | sacrifice]
  5275 | D:7      | Reduced skill Throwing to level 5
  5275 | D:7      | Reduced skill Dodging to level 5
  5275 | D:7      | Reduced skill Unarmed Combat to level 6
  5275 | D:7      | Reached ** piety under Ru
  6011 | D:8      | Noticed a death yak
  6013 | D:8      | Found a staircase to the Lair.
  6013 | D:8      | Noticed a death yak
  6014 | D:8      | Noticed a death yak
  6015 | D:8      | Noticed a death yak
  6028 | D:8      | Noticed a death yak
  6029 | D:8      | Noticed a death yak
  6032 | D:8      | Killed a death yak
  6032 | D:8      | Killed a death yak
  6032 | D:8      | Killed a death yak
  6032 | D:8      | Killed a death yak
  6033 | D:8      | Reached skill level 7 in Unarmed Combat
  6033 | D:8      | Reached XP level 10. HP: 41/98 MP: 9/9
  6056 | D:8      | Killed a death yak
  6061 | D:8      | Killed a death yak
  6483 | D:8      | Reached XP level 11. HP: 98/106 MP: 10/10
  6645 | D:8      | Reached skill level 8 in Unarmed Combat
  7550 | D:9      | Noticed a two-headed ogre
  7562 | D:9      | Killed a two-headed ogre
  7570 | D:9      | HP: 1/100 [efreet/bolt of acid (20)]
  7571 | D:9      | Mangled by an efreet

Illustrated notes

Levels and vault maps discovered:
D:1:      dpeg_arrival_oval, layout_rooms, shapermc_ecumenical_altar_acropolis
D:2:      layout_loops_ring, uniq_sigmund
D:3:      layout_basic, nicolae_ru_sacrificial_ziggurat, dk_vineyard_3,
          minmay_misc_feat_chi
D:4:      layout_basic, mainiacjoe_overflow_tiny_flanked, portal_sewer_entry_f,
          serial_shops, shop_statue
D:5:      layout_gridville, kennysheep_little_box, minmay_mini_ossuary
D:6:      layout_loops_ring, slow_altar_2, minmay_temple_entry_statues_pillars,
          chequers_serial_rivers_micro_d, minivault_24, uniq_eustachio,
          uniq_maggie, uniq_menkaure
D:7:      cheibrodos_iron_armory, layout_basic
D:8:      layout_loops_cross, dpeg_lair_monsters
D:9:      cheibrodos_fzero, layout_rooms

Skill      XL: |  1  2  3  4  5  6  7  8  9 10 11 |
---------------+----------------------------------+-----
Throwing       | 2 3 4 5 6 7 |  7.4
Fighting       | 2 3 4 5 6 |  6.8
Dodging        | 3 4 5 6 7 |  7.0
Unarmed Combat | 4 5 6 7 8 |  8.4
Shields        | 3 4 |  4.8

Action                   |  1- 3 |  4- 6 |  7- 9 | 10-12 || total
-------------------------+-------+-------+-------+-------++-------
Melee: Unarmed           |    61 |   157 |   307 |   249 ||   774
       Punch             |       |     2 |       |       ||     2
Throw: Throwing net      |     1 |     1 |       |       ||     2
       Dart              |       |       |       |     1 ||     1
Invok: Sacrifice Durabil |       |       |     1 |       ||     1
       Sacrifice Skill   |       |       |     1 |       ||     1
Evoke: Wand              |       |       |       |     1 ||     1
  Use: Scroll            |       |     7 |     5 |     1 ||    13
       Potion            |       |       |     3 |     8 ||    11
 Stab: Sleeping          |     1 |     1 |     2 |       ||     4
       Held in net/web   |       |     1 |       |       ||     1
       Distracted        |       |       |     1 |     4 ||     5
       Paralysed         |       |       |       |     1 ||     1
Armor: Robe              |    14 |    51 |    55 |    36 ||   156
Dodge: Dodged            |    26 |   123 |   130 |    84 ||   363
Block: Tower shield      |       |       |    98 |   200 ||   298

Table legend: (Time is in decaauts)
 A = Elapsed time spent in this place.
 B = Non-inter-level travel time spent in this place.
 C = Inter-level travel time spent in this place.
 D = Time resting spent in this place.
 E = Time spent auto-exploring this place.
 F = Levels seen in this place.
 G = Mean time per level.
                   A        B        C        D        E       F      G
               +--------+--------+--------+--------+--------+-----+--------+
         Total |   7808 |   7024 |    784 |     39 |   5024 |  10 |  780.8 |
       Dungeon |   7420 |   6636 |    784 |     39 |   4807 |   9 |  824.4 |
         Sewer |    388 |    388 |      0 |      0 |    216 |   1 |  388.0 |
               +--------+--------+--------+--------+--------+-----+--------+

Top non-repeatable levels by time:
     D:7: 2011 daAuts
     D:8: 1167 daAuts
     D:6: 798 daAuts
     D:1: 796 daAuts
     D:5: 685 daAuts
     D:2: 635 daAuts
     D:4: 510 daAuts
     D:3: 489 daAuts
   Sewer: 388 daAuts
     D:9: 325 daAuts
